 Dungeon Crawl Stone Soup version 0.24.1-14-gf8d2b509d9 (webtiles) character file.

Game seed: 4173454781028237160, levelgen mode: deterministic

23 Delver the Caller (level 2, -16/15 HPs)
             Began as a Deep Elf Summoner on May 31, 2020.
             Demolished by Crazy Yiuf
             ... wielding a +4 quarterstaff of chaos
              (22 damage)
             ... on level 2 of the Dungeon.
             The game lasted 00:32:54 (1541 turns).

Delver the Caller (Deep Elf Summoner)               Turns: 1541, Time: 00:32:55

Health: -16/15     AC:  7    Str:  5    XL:     2   Next: 72%
Magic:  5/8        EV: 13    Int: 19    God:
Gold:   50         SH:  0    Dex: 15    Spells: 4/7 levels left

rFire    . . .     SeeInvis .   u - +1 mace (holy)
rCold    . . .     Gourm    .   (no shield)
rNeg     . . .     Faith    .   l - +0 robe
rPois    +         Spirit   .   (no helmet)
rElec    .         Reflect  .   (no cloak)
rCorr    .         Harm     .   (no gloves)
MR       .....                  (no boots)
Stlth    ++........             (no amulet)
HPRegen  0.05/turn              k - +5 ring of protection
MPRegen  0.11/turn              r - ring of poison resistance

@: no status effects
A: no striking features
a: no special abilities


You were on level 2 of the Dungeon.
You were not hungry.

You visited 1 branch of the dungeon, and saw 2 of its levels.

You collected 50 gold pieces.

Inventory:

Hand Weapons
 i - a +0 club
 n - a +0 whip
 o - a +0 whip
 u - a +1 mace of holy wrath (weapon)
 y - a +0 short sword
Missiles
 b - 78 stones
 h - 21 arrows
 t - 7 sling bullets
 w - 11 poisoned darts (quivered)
Armour
 a - a +0 robe
 d - a +0 robe
 l - a +0 robe (worn)
Jewellery
 k - a +5 ring of protection (left hand)
 r - a ring of poison resistance (right hand)
Scrolls
 f - a scroll of fear
 g - 3 scrolls of remove curse
 m - a scroll of amnesia {unknown}
 p - a scroll of magic mapping {unknown}
 v - a scroll of identify {unknown}
 x - a scroll of fog {unknown}
Potions
 e - a potion of agility
 j - a potion of curing
 s - a potion of haste {unknown}
Comestibles
 c - 6 rations


   Skills:
 + Level 0.2 Throwing
 + Level 2.5 Dodging
 + Level 2.5 Stealth
 + Level 3.4 Spellcasting
 + Level 5.0 Summonings


You had 4 spell levels left.
You knew the following spells:

 Your Spells              Type           Power        Failure   Level  Hunger
a - Summon Small Mammal   Summ           ###.         1%          1    None
b - Call Imp              Summ           ###.....     2%          2    ##.....

Your spell library contained the following spells:

 Spells                   Type           Power        Failure   Level  Hunger
 Call Canine Familiar     Summ           ###.....     5%          3    ###....
 Summon Guardian Golem    Hex/Summ       ##......     16%         3    ###....
 Summon Ice Beast         Ice/Summ       ##......     45%         4    ####...
 Summon Lightning Spire   Summ/Air       ##......     45%         4    ####...


Dungeon Overview and Level Annotations

Branches:
Dungeon (2/15)

Altars:
Trog

Annotations:
D:2 Crazy Yiuf, Sigmund


Message History

Your crimson imp blinks!
Crazy Yiuf says, "Mugger arga senile!"
Your crimson imp hits Crazy Yiuf.
There is an open door here.
Your crimson imp blinks!
Your crimson imp blinks!
Crazy Yiuf hits you with a +4 quarterstaff of chaos!
Crazy Yiuf freezes you.
There is an open door here.
You see here a kobold skeleton.
Crazy Yiuf glowers.
Crazy Yiuf yells, "Castle!
Line snail broken."
Your crimson imp blinks!
Your crimson imp hits Crazy Yiuf but does no damage.
Your crimson imp blinks!
Crazy Yiuf screams, "Nubble!
Paint forty-two sallow."
Crazy Yiuf hits you with a +4 quarterstaff of chaos.
Space warps horribly around you!!
Ouch! That really hurt!
You die...

#.......# #............
#.......######.#######....
#...>...÷..............###
#.......######......#..##.
#.......# #..#.#.##.#..
#####'#### #..#.#.##.#..
#........# #..#.#.......
#........######..#.##.#.#..
#.........@g.....#.##.#.#..
#........#######.#.##...##.
#...###### #####....###
#..## ###..... ##.###♣♣♣♣♣
#....... #.#....♣.♣♣♣ ###
####..## #....♣P.♣.g♣#...#
####..## #....PP♣♣♣♣.'...#
#......# ##...P♣♣ ♣♣#..)#
#......#


You could see Crazy Yiuf.

Vanquished Creatures
  A giant cockroach (D:1)
  A bat (D:1)
  2 frilled lizards (D:2)
  A kobold (D:2)
  A rat (D:2)
  A fungus (D:2)
7 creatures vanquished.

Vanquished Creatures (collateral kills)
  A worm (D:2)
  A leopard gecko (D:1)
  3 bats
  A giant cockroach (D:2)
  2 hobgoblins (D:2)
  5 jackals
  A ball python (D:1)
  A frilled lizard (D:1)
  A goblin (D:1)
  4 kobolds
  3 rats
23 creatures vanquished.

Grand Total: 30 creatures vanquished

Notes
Turn   | Place    | Note
-------+----------+-------------------------------------------
     0 | D:1      | Delver the Deep Elf Summoner began the quest for the Orb.
     0 | D:1      | Reached XP level 1. HP: 10/10 MP: 6/6
   514 | D:1      | Reached XP level 2. HP: 14/15 MP: 5/8
   891 | D:1      | Learned a level 2 spell: Call Imp
  1129 | D:2      | Reached skill level 5 in Summonings
  1231 | D:2      | Found a bloodstained altar of Trog.
  1407 | D:2      | Noticed Sigmund
  1477 | D:2      | Found a runed translucent door.
  1478 | D:2      | Noticed Crazy Yiuf
  1541 | D:2      | Demolished by Crazy Yiuf

Levels and vault maps discovered:
D:1:      lightli_arrival_statuegarden, layout_basic
D:2:      layout_basic, old_standard_altar, chequers_serial_rivers_marsh,
          uniq_sigmund, uniq_crazy_yiuf_cottage

Skill      XL: |  1  2 |
---------------+-------+-----
Summonings     | 5 |  5.0
Throwing       | |  0.2
Dodging        | |  2.5
Stealth        | |  2.5
Spellcasting   | |  3.4

Action                   || total
-------------------------++-------
Melee: Club              ||    15
       Unarmed           ||     1
       Mace              ||    10
Throw: Stone             ||    41
       Dart              ||     1
 Cast: Summon Small Mamm ||    38
       Call Imp          ||     8
  Use: Scroll            ||     2
       Potion            ||     2
  Eat: Chunk             ||     2
Armor: Robe              ||    10
Dodge: Dodged            ||    22
